 Dungeon Crawl Stone Soup version 0.17.1-1-g73c8601 (console) character file.

3482 Kloppie the Skirmisher (level 10, -8/56 HPs)
             Began as a Vine Stalker Fighter on Dec 27, 2015.
             Was a Follower of Kikubaaqudgha.
             Mangled by a blue devil (13 damage)
             ... summoned by an obsidian statue
             ... on level 8 of the Dungeon.
             The game lasted 00:11:48 (5504 turns).

Kloppie the Skirmisher (Vine Stalker Fighter)       Turns: 5504, Time: 00:11:48

Health: -8/56      AC: 14    Str: 23    XL:     10   Next: 7%
Magic:  0/11       EV:  7    Int:  8    God:    Kikubaaqudgha [*.....]
Gold:   405        SH: 10    Dex: 17    Spells: 0 memorised, 9 levels left

rFire  + . .     SeeInvis .     v - +3 short sword (curse)
rCold  . . .     Clarity  .     b - +0 scale mail
rNeg   . . .     SustAt   .     c - +0 shield
rPois  +         Gourm    .     x - +2 helmet
rElec  +         Spirit   +     B - +0 cloak {MR+}
rCorr  .         Warding  .     n - +1 pair of gloves
rMut   .         Stasis   .     (no boots)
MR     +....                    u - amulet of regeneration
Stlth  ..........               (no ring)
                                M - ring of the Frog {rElec rPois rF+ MR- Str+4}

@: somewhat resistant to hostile enchantments, extremely unstealthy
A: fangs 3, regeneration 2, magic shield, antimagic bite, no device heal 3, rot
immunity
a: Receive Corpses, Renounce Religion


You were on level 8 of the Dungeon.
You worshipped Kikubaaqudgha.
Kikubaaqudgha was aware of your devotion.
You were not hungry.

You visited 2 branches of the dungeon, and saw 9 of its levels.

You collected 405 gold pieces.

Inventory:

Hand Weapons
 a - a +1 rapier
 i - the +7 long sword of Crystal {freeze, rF+ Dex+6}
   (You found it on level 8 of the Dungeon)

   It has been specially enchanted to freeze those struck by it, causing extra
   injury to most foes and up to half again as much damage against particularly
   susceptible opponents.
   It can also slow down cold-blooded creatures.
   It affects your dexterity (+6).
   It protects you from fire.
 v - a cursed +3 short sword (weapon)
 E - a +2 dagger of venom
Armour
 b - a +0 scale mail (worn)
 c - a +0 shield (worn)
 n - a +1 pair of gloves (worn)
 x - a +2 helmet (worn)
 B - a +0 cloak of magic resistance (worn)
Jewellery
 o - an uncursed amulet of clarity
 r - an uncursed ring of ice
 u - an amulet of regeneration (around neck)
 C - an uncursed ring of ice
 K - an uncursed amulet of resist corrosion {unknown}
 M - the ring of the Frog (left hand) {rElec rPois rF+ MR- Str+4}
   (You found it on level 7 of the Dungeon)

   [ring of poison resistance]

   It affects your strength (+4).
   It protects you from fire.
   It insulates you from electricity.
   It protects you from poison.
   It affects your resistance to hostile enchantments.
Wands
 A - a wand of frost (28)
 D - a wand of flame (21)
 L - a wand of paralysis (13)
Scrolls
 g - a scroll of magic mapping
 h - 2 scrolls of identify
 l - a scroll of amnesia
 p - 3 scrolls of enchant weapon
 G - a scroll of fear
 H - a scroll of remove curse
Potions
 f - a potion of magic
 q - 2 potions of curing
 w - a potion of brilliance
 I - a potion of resistance {unknown}
Books
 d - a book of Debilitation

   Spells                             Type                      Level
   a - Corona                         Hexes                        1
   b - Slow                           Hexes                        2
   c - Gell's Gravitas                Hexes/Translocation          3
   d - Inner Flame                    Hexes/Fire                   3
   e - Cause Fear                     Hexes                        4
   f - Leda's Liquefaction            Hexes/Earth                  4
 k - Kikubaaqudgha's Collected Works on Sinister Arts
   (Kikubaaqudgha gifted it to you on level 8 of the Dungeon)

   Spells                             Type                      Level
   a - Animate Skeleton               Necromancy                   1
   b - Corpse Rot                     Necromancy                   2
   c - Sublimation of Blood           Necromancy                   2
   d - Regeneration                   Charms/Necromancy            3
   e - Control Undead                 Necromancy                   4
 J - a book of Conjurations

   Spells                             Type                      Level
   a - Magic Dart                     Conjuration                  1
   b - Searing Ray                    Conjuration                  2
   c - Dazzling Spray                 Conjuration/Hexes            3
   d - Fulminant Prism                Conjuration/Hexes            4
   e - Iskenderun's Mystic Blast      Conjuration                  4
   f - Iskenderun's Battlesphere      Conjuration/Charms           5
Comestibles
 e - 6 bread rations
 j - 3 meat rations
 m - a slice of pizza
 s - 2 royal jellies
 t - 3 chunks of flesh
 F - 3 fruits


   Skills:
 + Level 7.8 Fighting
 + Level 7.7 Short Blades
 + Level 7.3 Armour
 - Level 2.6 Shields


You had 9 spell levels left.
You didn't know any spells.

Dungeon Overview and Level Annotations

Branches:
Dungeon (8/15)             Temple (1/1) D:6
   Lair: D:8-11

Altars:
Ashenzari
Cheibriados
Dithmenos
Elyvilon
Fedhas
Gozag
Kikubaaqudgha
Nemelex Xobeh
Okawaru
Qazlal
Sif Muna
Trog
Vehumet
Xom
Yredelemnul
Zin
The Shining One

Annotations:
D:2 Sigmund
D:8 exclusion: obsidian statue


Innate Abilities, Weirdness & Mutations

You have razor-sharp teeth.
You heal very quickly.
When hurt, damage is shared between your health and your magic reserves.
Your bite disrupts and absorbs the magic of your enemies.
Potions and wands cannot restore your health.
You are immune to rotting.


Message History

a chain mail; a mace; an orc skeleton
e - 6 bread rations (gained 1) Marking area around the obsidian statue as unsafe for travelling.
An obsidian statue comes into view.
The obsidian statue's eyes glow briefly.
You puncture the ice devil!
The ice devil is lightly wounded.
You hit the ice devil. Your bite misses the ice devil.
The ice devil is lightly wounded.
The ice devil hits you. The ice devil freezes you!!
You hit the ice devil. Your bite misses the ice devil.
The ice devil is lightly wounded.
The ice devil hits you.
* * * LOW HITPOINT WARNING * * *
The ice devil freezes you!!
* * * LOW HITPOINT WARNING * * *
The blue devil swoops through the air toward you!
The blue devil hits you!
You die...
Kikubaaqudgha rasps: "You have failed me!
Welcome... death!"

# 8# .. 4# #.# #3##
#.# ...# ##.# ##...##
+... ###.....##
#..########.........#
#...)[..4@3..........
#..).)...............
#..##################
#.........
#.################
####'#####..........#
#...................#
#...................#
#...................#


You could see an ice devil and a blue devil.

Vanquished Creatures
  The ghost of Kloppie the Skirmisher, a novice VSFi of Kikubaaqudgha (D:6)
  A centaur skeleton (D:7)
  Eustachio (D:4)
  Edmund (D:5)
  An ice beast (D:6)
  2 phantoms
  2 ogres
  A black bear (D:7)
  A centaur (D:6)
  3 giant frogs
  7 big kobolds (D:8)
  Blork the orc (D:5)
  A water moccasin skeleton (D:6)
  A wyvern skeleton (D:7)
  A scorpion (D:6)
  9 wights
  3 quasits
  Crazy Yiuf (D:4)
  A gnoll shaman (D:6)
  2 orc wizards (D:7)
  A giant frog skeleton (D:7)
  3 iguanas
  A worker ant (D:5)
  3 orc priests
  A hound zombie (D:5)
  A hound skeleton (D:4)
  A worker ant zombie (D:5)
  3 gnolls (D:6)
  6 adders
  2 shadow imps
  2 adder zombies
  4 worms
  3 giant geckos
  22 orcs
  5 bats
  10 goblins
  7 hobgoblins
  7 jackals
  14 kobolds
  6 quokkas
  8 giant cockroaches
  A giant gecko zombie (D:5)
  5 giant newts
  A quokka skeleton (D:5)
  A quokka zombie (D:8)
  8 rats
167 creatures vanquished.

Notes
Turn   | Place    | Note
--------------------------------------------------------------
     0 | D:1      | Kloppie the Vine Stalker Fighter began the quest for the Orb.
     0 | D:1      | Reached XP level 1. HP: 11/11 MP: 2/2
    77 | D:1      | Reached XP level 2. HP: 11/16 MP: 3/3
   332 | D:1      | Reached skill level 3 in Fighting
   358 | D:1      | Reached XP level 3. HP: 20/20 MP: 4/4
   833 | D:2      | Found a glowing silver altar of Zin.
  1054 | D:2      | Noticed Sigmund
  1097 | D:3      | Reached XP level 4. HP: 16/24 MP: 5/5
  1350 | D:3      | Found a shattered altar of Ashenzari.
  1474 | D:3      | Noticed a giant frog
  1482 | D:3      | Killed a giant frog
  1482 | D:3      | Reached XP level 5. HP: 19/28 MP: 4/6
  2151 | D:4      | Noticed Eustachio
  2197 | D:4      | Killed Eustachio
  2197 | D:4      | Reached skill level 4 in Fighting
  2197 | D:4      | Gained mutation: You heal very quickly. [Vine Stalker growth]
  2197 | D:4      | Reached XP level 6. HP: 25/33 MP: 4/7
  2212 | D:4      | Found a sparkling altar of Nemelex Xobeh.
  2213 | D:4      | Found an opulent altar of Gozag.
  2262 | D:4      | Noticed an ogre
  2274 | D:4      | Killed an ogre
  2396 | D:4      | Reached XP level 7. HP: 36/38 MP: 8/8
  2412 | D:4      | Noticed a phantom
  2452 | D:4      | Killed a phantom
  2616 | D:4      | Noticed Crazy Yiuf
  2630 | D:4      | Killed Crazy Yiuf
  2985 | D:5      | Entered Level 5 of the Dungeon
  3050 | D:5      | Found a white marble altar of Elyvilon.
  3058 | D:5      | Noticed Edmund
  3103 | D:5      | Killed Edmund
  3103 | D:5      | Reached skill level 5 in Fighting
  3168 | D:5      | Found a radiant altar of Vehumet.
  3329 | D:5      | Noticed Blork the orc
  3339 | D:5      | Killed Blork the orc
  3339 | D:5      | Reached skill level 5 in Short Blades
  3339 | D:5      | Gained mutation: You have razor-sharp teeth. [Vine Stalker growth]
  3339 | D:5      | Reached XP level 8. HP: 35/43 MP: 9/9
  3390 | D:5      | Reached skill level 5 in Armour
  3589 | D:5      | Noticed a hill giant
  3708 | D:6      | Found a staircase to the Ecumenical Temple.
  3715 | Temple   | Entered the Ecumenical Temple
  3779 | D:6      | Noticed Kloppie's ghost (novice VSFi)
  3794 | D:6      | Killed Kloppie's ghost
  3816 | D:6      | Reached skill level 6 in Fighting
  4007 | D:6      | Found a radiant altar of Vehumet.
  4105 | D:6      | Found an ancient bone altar of Kikubaaqudgha.
  4173 | D:6      | Became a worshipper of Kikubaaqudgha
  4191 | D:6      | Reached XP level 9. HP: 43/49 MP: 10/10
  4270 | D:6      | Found a shimmering altar of Xom.
  4782 | D:7      | Reached skill level 7 in Fighting
  4853 | D:7      | Got a steaming silver ring
  4984 | D:7      | Found a stormy altar of Qazlal.
  5056 | D:7      | Noticed a centaur skeleton
  5067 | D:7      | Killed a centaur skeleton
  5193 | D:7      | Identified the ring of the Frog {rElec rPois rF+ MR- Str+4} (You found it on level 7 of the Dungeon)
  5233 | D:8      | Got a crystal long sword
  5234 | D:8      | Identified the +7 long sword of Crystal {freeze, rF+ Dex+6} (You found it on level 8 of the Dungeon)
  5305 | D:8      | Reached XP level 10. HP: 54/56 MP: 11/11
  5311 | D:8      | Reached * piety under Kikubaaqudgha
  5311 | D:8      | Received a gift from Kikubaaqudgha
  5314 | D:8      | Identified Kikubaaqudgha's Collected Works on Sinister Arts (Kikubaaqudgha gifted it to you on level 8 of the Dungeon)
  5390 | D:8      | Found a blossoming altar of Fedhas.
  5493 | D:8      | Noticed an obsidian statue
  5494 | D:8      | Noticed an ice devil
  5504 | D:8      | Mangled by a blue devil

Action                   |  1- 3 |  4- 6 |  7- 9 | 10-12 || total
-------------------------+-------+-------+-------+-------++-------
Melee: Rapier            |   125 |   140 |   156 |       ||   421
       Dagger            |       |       |   106 |       ||   106
       Short sword       |       |       |   185 |    45 ||   230
Evoke: Wand              |       |       |     1 |       ||     1
  Use: Potion            |       |     1 |     2 |       ||     3
       Scroll            |       |       |    19 |       ||    19
  Eat: Chunk             |     1 |     4 |    10 |     1 ||    16
